cohdb
Replays
Latest Replays
All Replays
Popular Replays
Top Player Replays
Match Explorer
How It Works
Community
CoH3 Stats
Reddit
Sign in to upload your games and track your stats! →
Sign in with Steam
Match 42363428
Unlisted
Match 42363428
Overview
Messages
Build Orders
End
Panzergrenadier Squad
Kradschützen Motorcycle Team
Panzergrenadier Squad
250 Light Carrier
Construct Light Support Kompanie
Fire Support Elements
le.IG 18 Support Gun Team
2.5-tonne Medical Truck
Pak 38 Anti-tank Gun Team
le.IG 18 Support Gun Team
Construct Panzerarmee Kommand
Panzerjäger Squad
Selects Italian Infantry
Selects Guastatori Squad
Selects Registered Artillery
Selects Towed Cannone da 105/28 Field Howitzer
Armored Reserves
Veteran Squad Leaders
Selects Sound the Alarm
$Birch
Antonix
RunningWithFate
Onoyk
0
0
Comments
sign in to comment!
No comments posted yet!